 Dungeon Crawl Stone Soup version 0.26-b1-32-g5d43845318 (webtiles) character file.

Game seed: 17756299509653196925

12905 Borgoz the Fighter (level 12, 0/106 HPs)
             Began as a Ghoul Abyssal Knight on Jan 13, 2021.
             Was a High Priest of Lugonu.
             Slain by an unseen horror (9 damage)
             ... on level 12 of the Dungeon.
             The game lasted 00:22:17 (15585 turns).

Borgoz the Fighter (Ghoul Abyssal Knight)          Turns: 15585, Time: 00:22:18

Health: 0/106      AC: 12    Str: 17    XL:     12   Next: 0%
Magic:  13/13      EV: 19    Int:  7    God:    Lugonu [*****.]
Gold:   760        SH:  5    Dex: 12    Spells: 11/14 levels left

rFire    + . .     SeeInvis .     - Unarmed
rCold    + . .     Faith    .   t - +0 buckler
rNeg     + + +     Spirit   .   i - +2 ring mail {rF+}
rPois    ∞         Reflect  .   (no helmet)
rElec    .         Harm     +   j - scarf {harm}
rCorr    .         Rampage  .   (no gloves)
Will     .....                  (no boots)
Stlth    +.........             (no amulet)
HPRegen  0.00/turn              r - +4 ring of protection
MPRegen  0.13/turn              n - +4 ring of evasion

@: no status effects
A: claws 1, cold resistance 1, negative energy resistance 3, inhibited
regeneration, torment resistance, unbreathing
a: Renounce Religion, Depart the Abyss, Bend Space, Banish, Corrupt, Enter the
Abyss


You were on level 12 of the Dungeon.
You worshipped Lugonu.
Lugonu was extremely pleased with you.
You visited 2 branches of the dungeon, and saw 13 of its levels.
You visited the Abyss 1 time.

You collected 792 gold pieces.
You spent 32 gold pieces at shops.

Inventory:

Armour
 i - a +2 ring mail of fire resistance (worn)
 j - a scarf of harm (worn)
 t - a +0 buckler (worn)
Jewellery
 a - an uncursed ring of resist corrosion
 c - an uncursed ring of ice
 g - the amulet of Ruobyoso {RegenMP *Corrode Will+ Dex+4}
   (You took it off an orc on level 9 of the Dungeon)

   [amulet of magic regeneration]

   It increases your magic regeneration.
   It affects your dexterity (+4).
   It affects your willpower, your defense against some magical effects.
   It may corrode you when you take damage.
 n - a +4 ring of evasion (right claw)
 r - a +4 ring of protection (left claw)
Wands
 o - a wand of paralysis (7)
 v - a wand of flame (47)
 w - a wand of acid (8)
 y - a wand of digging (6)
 C - a wand of disintegration (14)
Scrolls
 d - 4 scrolls of teleportation
 e - 4 scrolls of remove curse
 f - 3 scrolls of fear
 k - a scroll of acquirement {unknown}
 m - a scroll of magic mapping {unknown}
 x - 3 scrolls of blinking
 A - a scroll of enchant armour
 B - a scroll of random uselessness {unknown}
Potions
 b - 2 potions of haste
 l - 2 potions of curing
 p - a potion of resistance
 q - 2 potions of might
 u - a potion of heal wounds
 z - a potion of magic


   Skills:
 + Level 10.0 Fighting
 * Level 8.6 Armour
 * Level 8.4 Dodging
 - Level 5.0 Shields
 + Level 9.7 Unarmed Combat
 + Level 1.9 Spellcasting
 + Level 1.9 Hexes
 - Level 2.0 Invocations


You had 11 spell levels left.
You knew the following spells:

 Your Spells              Type           Power        Failure   Level
a - Confusing Touch       Hex            3%           65%         3

Your spell library contained the following spells:

 Spells                   Type           Power        Failure   Level
 Magic Dart               Conj           0%           54%         1
 Ensorcelled Hibernation  Hex/Ice        4%           54%         2
 Tukima's Dance           Hex            3%           65%         3
 Searing Ray              Conj           0%           69%         2
 Dazzling Flash           Conj/Hex       4%           78%         3
 Inner Flame              Hex/Fire       2%           78%         3
 Fulminant Prism          Conj/Hex       1%           99%         4
 Iskenderun's Mystic Bla  Conj/Tloc      0%           100%        4
 Silence                  Hex/Air        1%           100%        5
 Summon Demon             Summ           0%           100%        5
 Summon Forest            Summ/Tloc      0%           100%        5
 Summon Mana Viper        Hex/Summ       2%           100%        5
 Shadow Creatures         Summ           N/A          100%        6
 Summon Hydra             Summ           0%           100%        7
 Beastly Appendage        Tmut           Unusable     N/A         1
 Wereblood                Tmut           Unusable     N/A         2
 Spider Form              Tmut/Pois      Unusable     N/A         3
 Ice Form                 Ice/Tmut       Unusable     N/A         4
 Blade Hands              Tmut           Unusable     N/A         5

Dungeon Overview and Level Annotations

Branches:
Dungeon (12/15)            Temple (1/1) D:7            Lair (0/6) D:9
    Orc (0/2) D:10

Altars:
Ashenzari
Cheibriados
Dithmenos
Elyvilon
Fedhas
Gozag
Hepliaklqana
Kikubaaqudgha
Makhleb
Nemelex Xobeh
Okawaru
Qazlal
Ru
Sif Muna
Trog
Uskayaw
Vehumet
Wu Jian
Xom
Yredelemnul
Zin
The Shining One
Beogh

Shops:
D:10 ?   D:11 [


Innate Abilities, Weirdness & Mutations

You thrive by killing the living.
You are immune to poison.
You have sharp fingernails.
Your flesh is cold resistant. (rC+)
You are immune to negative energy. (rN+++)
You do not regenerate when monsters are visible.
You are immune to unholy pain and torment.
You can survive without breathing.


Message History

Okay, then.
You claw something! Something hits you but does no damage.
You are confused.
You feel invigorated. Something completely misses you.
You scratch something but do no damage. Something closely misses you.
There's something in the way.
You swing at nothing.
Something hits you.
* * * LOW HITPOINT WARNING * * *
You swing at nothing.
You feel less invigorated.
You feel less confused. Something hits you.
* * * LOW HITPOINT WARNING * * *
You completely miss something. Something hits you but does no damage.
You swing at nothing.
Something hits you but does no damage.
You claw something! Something hits you but does no damage.
You swing at nothing.
Something hits you but does no damage.
You swing at nothing.
Something hits you but does no damage.
You barely miss something. Something misses you.
You scratch something. Something hits you!
You die...

..# .. #####.####
.........# #####
.........# ......
.........###§.....
.......§.#§§......
.......§§#§#......
.......§§{@# .....
.......§§### ....
.......§.# ...
########## .. #


There were no monsters in sight!

Vanquished Creatures
  A centaur warrior (D:10)
  3 two-headed ogres
  A manticore (D:10)
  Pikel (D:7)
  2 gargoyles (D:10)
  2 freezing wraiths (D:9)
  A kobold demonologist (D:9)
  Maggie (D:7)
  A troll (D:10)
  2 wyverns (D:9)
  6 yaks (D:9)
  A basilisk (D:9)
  A vampire mosquito (D:9)
  3 water moccasins
  5 black bears
  An orc warrior (D:11)
  3 sky beasts
  An ice beast (D:11)
  An ogre (D:6)
  An eye of draining (D:10)
  2 phantoms (D:7)
  2 wolves (D:9)
  2 centaurs
  6 big kobolds
  11 bullfrogs
  A wyvern zombie (D:12)
  A water moccasin zombie (D:9)
  4 scorpions
  2 killer bees (D:10)
  18 wights
  3 howler monkeys
  2 bullfrog zombies
  A centaur zombie (D:9)
  10 orc priests
  6 jellies
  2 quasits
  6 hounds
  2 centaur skeletons
  2 bullfrog skeletons
  Crazy Yiuf (D:3)
  Terence (D:3)
  4 iguanas
  7 orc wizards
  Ijyb (D:5)
  Natasha (thrice) (D:4)
  9 worker ants
  A hound zombie (D:5)
  2 howler monkey zombies
  3 worker ant zombies
  6 gnolls
  10 adders
  2 shadow imps
  A white imp (D:8)
  An ufetubus (D:5)
  11 oozes
  An adder zombie (D:9)
  An adder skeleton (D:5)
  2 worms
  2 dart slugs
  6 leopard geckos
  42 orcs
  4 ball pythons
  6 bats
  4 giant cockroaches
  12 goblins
  3 hobgoblins
  20 jackals
  31 kobolds
  5 quokkas
  2 frilled lizards (D:2)
  A quokka skeleton (D:9)
  5 rats
331 creatures vanquished.

Vanquished Creatures (others)
  A centaur zombie (D:9)
  An ufetubus (D:10)
  6 fungi
  12 plants (D:9)
  7 toadstools (D:3)
27 creatures vanquished.

Grand Total: 358 creatures vanquished

Notes
Turn   | Place    | Note
-------+----------+-------------------------------------------
     0 | Abyss:1  | Borgoz the Ghoul Abyssal Knight began the quest for the
                  | Orb.
     0 | Abyss:1  | Reached XP level 1. HP: 19/19 MP: 1/1
    32 | Abyss:1  | Noticed a wretched star
    34 | D:1      | Escaped the Abyss
   207 | D:1      | Reached skill level 1 in Dodging
   220 | D:1      | Reached * piety under Lugonu
   225 | D:1      | Reached XP level 2. HP: 16/26 MP: 2/2
   561 | D:1      | You fall into a shaft and drop 1 floor!
   916 | D:1      | Reached XP level 3. HP: 25/31 MP: 3/3
  1655 | D:1      | Reached XP level 4. HP: 14/40 MP: 4/4
  1884 | D:2      | Reached skill level 4 in Fighting
  2155 | D:2      | Reached XP level 5. HP: 46/46 MP: 5/5
  2959 | D:3      | Noticed Terence
  2984 | D:3      | Killed Terence
  3230 | D:3      | Reached ** piety under Lugonu
  3409 | D:3      | Found a faded altar of an unknown god.
  3603 | D:3      | Reached XP level 6. HP: 32/53 MP: 6/6
  3792 | D:3      | Found a runed translucent door.
  3793 | D:3      | Noticed Crazy Yiuf
  3798 | D:3      | Paralysed by Crazy Yiuf for 2 turns
  3802 | D:3      | Killed Crazy Yiuf
  4320 | D:4      | Reached skill level 5 in Fighting
  4320 | D:4      | Reached XP level 7. HP: 51/61 MP: 7/7
  4384 | D:4      | Got a masterwork leather armour
  4395 | D:4      | Identified the cursed +0 leather armour of the New World
                  | {rN+ Will+ Regen+ Slay-6} (You found it on level 4 of the
                  | Dungeon)
  4490 | D:4      | Noticed Natasha
  4507 | D:4      | Killed Natasha
  4518 | D:4      | Noticed Natasha
  4532 | D:4      | Killed Natasha
  4674 | D:4      | Got a polished scale mail
  4685 | D:4      | Identified the +1 scale mail of the Skies Above {+Fly
                  | rPois} (You found it on level 4 of the Dungeon)
  4782 | D:4      | Found a stormy altar of Qazlal.
  4843 | D:4      | Noticed Natasha
  4849 | D:4      | Killed Natasha
  4954 | D:5      | Entered Level 5 of the Dungeon
  5143 | D:5      | Reached *** piety under Lugonu
  5195 | D:5      | Noticed Ijyb
  5207 | D:5      | Killed Ijyb
  5210 | D:5      | Reached skill level 1 in Shields
  5867 | D:6      | Reached skill level 5 in Unarmed Combat
  5905 | D:6      | Reached XP level 8. HP: 63/70 MP: 8/8
  6029 | D:6      | Reached skill level 6 in Fighting
  7273 | D:7      | Reached skill level 5 in Armour
  7450 | D:7      | Reached XP level 9. HP: 77/78 MP: 9/9
  7456 | D:7      | Noticed Pikel
  7480 | D:7      | Killed Pikel
  7481 | D:7      | Reached skill level 5 in Dodging
  7711 | D:7      | Found a staircase to the Ecumenical Temple.
  7761 | D:7      | Reached skill level 7 in Fighting
  7772 | Temple   | Entered the Ecumenical Temple
  8208 | D:7      | Noticed Maggie
  8244 | D:7      | Killed Maggie
  9688 | D:9      | Noticed a kobold demonologist
  9747 | D:9      | Killed a kobold demonologist
  9748 | D:9      | Reached XP level 10. HP: 88/88 MP: 10/10
  9905 | D:9      | Reached **** piety under Lugonu
  9906 | D:9      | Reached skill level 8 in Fighting
 10346 | D:9      | Reached skill level 5 in Shields
 10449 | D:10     | Entered Level 10 of the Dungeon
 11267 | D:9      | Noticed a two-headed ogre
 11275 | D:9      | Killed a two-headed ogre
 11446 | D:9      | Reached skill level 9 in Fighting
 11456 | D:9      | Reached XP level 11. HP: 35/97 MP: 11/11
 11877 | D:9      | Found a staircase to the Lair.
 11937 | D:9      | Identified the amulet of Ruobyoso {RegenMP *Corrode Will+
                  | Dex+4}
 11969 | D:9      | Noticed a two-headed ogre
 12097 | D:9      | Killed a two-headed ogre
 12396 | D:9      | Identified the Papyrus of Malediction and Snow
 12456 | D:9      | Learned a level 3 spell: Confusing Touch
 13071 | D:10     | Found Dodiodgh's Magic Scroll Shoppe.
 13221 | D:10     | Bought a scroll of identify for 32 gold pieces
 13416 | D:10     | Noticed a two-headed ogre
 13423 | D:10     | Killed a two-headed ogre
 13424 | D:10     | Reached skill level 1 in Spellcasting
 13424 | D:10     | Reached skill level 1 in Hexes
 13457 | D:10     | Found a staircase to the Orcish Mines.
 13568 | D:10     | Reached ***** piety under Lugonu
 13580 | D:10     | Found a roughly hewn altar of Beogh.
 13641 | D:10     | Noticed a centaur warrior
 13641 | D:10     | Noticed a manticore
 14048 | D:10     | Killed a centaur warrior
 14546 | D:10     | Killed a manticore
 14648 | D:11     | Found Xaopreb's Armour Boutique.
 14874 | D:11     | Reached skill level 10 in Fighting
 15472 | D:12     | Noticed a deep elf mage
 15498 | D:12     | Noticed a skeletal warrior
 15498 | D:12     | Noticed a skeletal warrior
 15499 | D:12     | Noticed a death knight
 15499 | D:12     | Noticed a phantasmal warrior
 15499 | D:12     | Noticed a phantasmal warrior
 15516 | D:12     | Reached XP level 12. HP: 61/106 MP: 13/13
 15585 | D:12     | Slain by an unseen horror

Illustrated notes

Levels and vault maps discovered:
D:1:      nzn_arrival_water_spiral, layout_basic
D:2:      cheibrodos_pilgrimage, layout_loops_ring, minmay_tall_x
D:3:      cheibrodos_fertilizer, layout_loops_cross,
          chequers_ecumenical_altar_simple, kennysheep_flooded_box,
          uniq_terence, uniq_crazy_yiuf_cottage
D:4:      layout_rooms, nicolae_qazlal_general_emergency, uniq_natasha
D:5:      layout_loops_corners, minmay_misc_feat_iff, serial_bayou_lagoon_b,
          uniq_ijyb
D:6:      layout_cave_pods
D:7:      layout_loops_ring, minmay_temple_entry_wispy, uniq_maggie, uniq_pikel
D:8:      layout_gridville
D:9:      minmay_the_grid_octo_tiled_octocenter [minmay_the_grid_octo_empty,
          minmay_the_grid_octo_odd_swirl, minmay_the_grid_octo_checkerflower,
          minmay_the_grid_octo_teeth, minmay_the_grid_octo_prize_single_spiral,
          minmay_the_grid_square_5x5_gyroscope, minmay_the_grid_square_5x5_comb,
          minmay_the_grid_square_5x5_shrine1,
          minmay_the_grid_square_5x5_checkered_statues], layout_rooms,
          minmay_lair_entry_grove, special_room [special_room_kobold]
D:10:     nzn_winding_woodlands_small [nzn_winding_woodlands_5x15_crooked,
          nzn_winding_woodlands_center_triple_pond,
          nzn_winding_woodlands_5x15_sawtooth], layout_long_grid,
          minmay_orc_entry_temple_small, serial_shops, shop, abandoned_shop,
          minmay_microvault
D:11:     layout_basic, serial_shops, shop
D:12:     layout_roguey, serial_shops, shop_coins, jmf_multi_god_temple2
Temple:   regret_index_temple_sigil_plot

Skill      XL: |  1  2  3  4  5  6  7  8  9 10 11 |
---------------+----------------------------------+-----
Dodging        | 1 2 3 4 5 7 8 |  8.4
Armour         | 2 3 4 5 6 7 8 |  8.6
Unarmed Combat | 3 4 5 6 7 8 9 |  9.7
Fighting       | 4 5 6 7 9 10 | 10.0
Shields        | 1 3 4 5 |  5.0
Spellcasting   | 1 |  1.9
Hexes          | 1 |  1.9
Invocations    | |  2.0

Action                   |  1- 3 |  4- 6 |  7- 9 | 10-12 || total
-------------------------+-------+-------+-------+-------++-------
Melee: Unarmed           |    95 |   297 |   428 |   671 ||  1491
       Punch             |     1 |     5 |     1 |       ||     7
Invok: Depart the Abyss  |     1 |       |       |       ||     1
  Use: Potion            |       |     1 |       |     5 ||     6
       Scroll            |       |     2 |    10 |     9 ||    21
Armor: Leather armour    |    19 |    43 |    74 |    57 ||   193
       Ring mail         |       |       |       |   103 ||   103
Dodge: Dodged            |    47 |   197 |   270 |   573 ||  1087
Block: Buckler           |       |       |    62 |   148 ||   210
